 Dungeon Crawl Stone Soup version 0.28.0-45-g0d030f2227 (webtiles) character file.

Game seed: 1312401310074146626

5267 101zpm the Frost Mage (level 10, -17/74 HPs)
             Began as a Gnoll Ice Elementalist on Apr 21, 2022.
             Was an Initiate of Makhleb.
             Demolished by an orc knight
             ... wielding a +0 long sword
              (20 damage)
             ... on level 10 of the Dungeon.
             The game lasted 00:38:18 (13453 turns).

101zpm the Frost Mage (Gnoll Ice Elementalist)     Turns: 13453, Time: 00:38:18

Health: -17/74     AC:  7    Str:  8    XL:     10   Next: 62%
Magic:  2/21       EV: 15    Int: 18    God:    Makhleb [......]
Gold:   393        SH:  0    Dex: 13    Spells: 5/24 levels left

rFire   . . .      SeeInvis .   d - +4 quarterstaff (chaos)
rCold   . . .      Faith    .   (shield currently unavailable)
rNeg    . . .      Spirit   .   I - +1 robe {Will+}
rPois   .          Reflect  .   (no helmet)
rElec   .          Harm     .   y - +0 cloak
rCorr   +          Rampage  .   r - +0 pair of gloves
Will    +....                   L - +0 pair of boots
Stlth   +++.......              C - amulet of regeneration
HPRegen 1.02/turn               u - ring of resist corrosion
MPRegen 0.17/turn               (no ring)

@: very slightly contaminated
A: fangs 1, strong nose, distributed training
a: Renounce Religion


You were on level 10 of the Dungeon.
You worshipped Makhleb.
Makhleb was noncommittal.
You visited 3 branches of the dungeon, and saw 12 of its levels.

You collected 393 gold pieces.

Inventory:

Hand Weapons
 d - a +4 quarterstaff of chaos (weapon)
 t - a +2 hand axe of electrocution
 F - a +4 shortbow of flaming
Missiles
 G - 43 arrows
Armour
 a - a +0 robe
 r - a +0 pair of gloves (worn)
 y - a +0 cloak (worn)
 I - a +1 robe of willpower (worn)
 L - a +0 pair of boots (worn)
Magical Staves
 n - a staff of earth
Jewellery
 u - a ring of resist corrosion (left hand)
 w - a +4 ring of protection
 x - an amulet of reflection
 C - an amulet of regeneration (around neck)
 H - a +4 ring of protection
Wands
 k - a wand of flame (27)
 O - a wand of digging (5)
Scrolls
 b - 5 scrolls of identify {unknown}
 c - 4 scrolls of teleportation {unknown}
 e - 3 scrolls of amnesia {unknown}
 f - 2 scrolls of enchant weapon {unknown}
 h - a scroll of torment {unknown}
 i - 2 scrolls of fear {unknown}
 j - 2 scrolls of blinking {unknown}
 o - a scroll of noise {unknown}
 v - a scroll of vulnerability {unknown}
 B - a scroll of immolation {unknown}
 D - a scroll of holy word {unknown}
 K - a scroll of enchant armour {unknown}
 M - a scroll of magic mapping {unknown}
 N - a scroll of acquirement {unknown}
Potions
 g - 3 potions of curing {unknown}
 l - 4 potions of haste {unknown}
 m - 2 potions of brilliance {unknown}
 p - 3 potions of mutation {unknown}
 q - a potion of heal wounds
 s - 2 potions of flight {unknown}
 z - a potion of ambrosia {unknown}
 A - 3 potions of degeneration {unknown}
 E - a potion of resistance {unknown}
 J - 2 potions of might


   Skills:
 + Level 5.4 Fighting
 + Level 5.4 Short Blades
 + Level 5.4 Long Blades
 + Level 5.4 Axes
 + Level 5.4 Maces & Flails
 + Level 5.4 Polearms
 + Level 5.4 Staves
 + Level 5.4 Slings
 + Level 5.4 Bows
 + Level 5.4 Crossbows
 + Level 5.4 Throwing
 + Level 5.4 Armour
 + Level 7.2 Dodging
 + Level 6.9 Stealth
 + Level 5.4 Shields
 + Level 5.4 Unarmed Combat
 + Level 7.5 Spellcasting
 + Level 4.5 Conjurations
 + Level 4.5 Hexes
 + Level 4.5 Summonings
 + Level 4.5 Necromancy
 + Level 4.5 Translocations
 + Level 4.5 Transmutations
 + Level 4.5 Fire Magic
 + Level 8.5 Ice Magic
 + Level 4.5 Air Magic
 + Level 4.5 Earth Magic
 + Level 4.5 Poison Magic
 + Level 6.0 Invocations
 + Level 5.4 Evocations


You had 5 spell levels left.
You knew the following spells:

 Your Spells              Type           Power      Damage    Failure   Level
a - Freeze                Ice            100%       1d11      1%          1
b - Frozen Ramparts       Ice            74%        1d9       1%          3
c - Ozocubu's Armour      Ice            37%        N/A       1%          3
d - Hailstorm             Conj/Ice       30%        3d8       7%          4
e - Fulminant Prism       Conj/Hex       11%        3d9       16%         4
f - Iskenderun's Mystic   Conj/Tloc      23%        2d6       16%         4

Your spell library contained the following spells:

 Spells                   Type           Power      Damage    Failure   Level
 Sublimation of Blood     Necr           23%        N/A       2%          2
 Wereblood                Tmut           23%        N/A       2%          2
 Call Canine Familiar     Summ           23%        N/A       4%          3
 Portal Projectile        Hex/Tloc       46%        N/A       4%          3
 Leda's Liquefaction      Hex/Erth       11%        N/A       16%         4
 Lee's Rapid Deconstruct  Erth           11%        3d9*      41%         5
 Summon Hydra             Summ           11%        N/A       100%        7


Dungeon Overview and Level Annotations

Branches:
Dungeon (10/15)            Temple (1/1) D:7             Orc (1/2) D:10
   Lair: D:8-11

Altars:
Ashenzari
Cheibriados
Dithmenos
Elyvilon
Fedhas
Gozag
Hepliaklqana
Kikubaaqudgha
Makhleb
Nemelex Xobeh
Okawaru
Qazlal
Ru
Sif Muna
Trog
Uskayaw
Vehumet
Wu Jian
Xom
Yredelemnul
Zin
The Shining One

Shops:
D:1 (


Innate Abilities, Weirdness & Mutations

You have very sharp teeth.
Your uncanny sense of smell can sniff out nearby items.
Your experience applies equally to all skills.


Message History

You thump the orc knight! You freeze the orc knight.
The orc knight is heavily wounded.
The wall freezes the orc knight.
The orc knight hits you with a +0 long sword!
You hit the orc knight.
The orc knight resists with almost no effort.
The orc knight is severely wounded.
The wall freezes the orc knight.
The orc knight barely misses you.
You hit the orc knight. You burn the orc knight.
The orc knight is severely wounded.
The wall freezes the orc knight.
The orc knight hits you with a +0 long sword!
You hit the orc knight.
The orc knight is poisoned.
The orc knight is almost dead.
The frozen ramparts melt away.
The orc knight hits you with a +0 long sword!
The orc knight closely misses you.
Items here: )) [ ÷÷.
There is a stone staircase leading up here.
Casting: Iskenderun's Mystic Blast (dangerous; 16% risk of failure)
Confirm with . or Enter, or press ? or * to list all spells.
Casting: Hailstorm (dangerous; 7% risk of failure)
Press: ? - help, Dir - look around, f - activate You miscast Hailstorm.
You are very lightly contaminated with residual magic.
Energy rips through your body!
You are too injured to fight recklessly!
You are too injured to fight recklessly!
You are too injured to fight recklessly!
You barely miss the orc knight.
The orc knight is almost dead.
The orc knight hits you with a +0 long sword.
You hit the orc knight but do no damage.
The orc knight flickers and vanishes!
Deactivating autopickup; reactivate with Ctrl-A.
Something barely misses you.
You closely miss something. Something hits you!!
* * * LOW HITPOINT WARNING * * *
You closely miss something. Something hits you!!
You die...

#.# ####.##
#.....#
#.#...#
#.#.#.#
##.#.#.#
##......#
###{.)..####
∆
+.@[[........
##.......####
#.......#
##.....##
##...## ∆
.#.## .#.# .
.#


There were no monsters in sight!

Vanquished Creatures
  A two-headed ogre (D:9)
  Maggie (D:7)
  3 yaks (D:9)
  Grum (D:8)
  A steam dragon (D:8)
  A warg (D:10)
  Menkaure (D:7)
  3 water moccasins
  A sky beast (D:3)
  An orc warrior (D:8)
  3 ice beasts
  3 ogres
  A black bear (D:6)
  2 necrophages
  2 wolves (D:8)
  3 centaurs
  3 kobold brigands
  3 bullfrogs
  A water moccasin skeleton (D:6)
  5 killer bees (D:8)
  5 wights (D:8)
  3 howler monkeys (D:9)
  4 centaur zombies
  Crazy Yiuf (D:4)
  3 orc priests
  2 hounds
  Jessica (D:2)
  2 orc wizards
  Natasha (thrice) (D:2)
  3 iguanas
  A hound skeleton (D:4)
  A howler monkey zombie (D:7)
  3 howler monkey skeletons
  4 adders
  4 gnolls (D:4)
  2 shadow imps (D:8)
  2 adder skeletons
  3 worms
  3 dart slugs (D:1)
  13 orcs
  6 bats
  5 endoplasms
  6 giant cockroaches
  15 goblins
  11 hobgoblins
  5 quokkas
  9 ball pythons
  3 frilled lizards
  28 kobolds
  6 rats
197 creatures vanquished.

Vanquished Creatures (others)
  6 fulminant prisms
  5 fungi (D:4)
  4 plants (D:4)
15 creatures vanquished.

Grand Total: 212 creatures vanquished

Notes
Turn   | Place    | Note
-------+----------+-------------------------------------------
     0 | D:1      | 101zpm the Gnoll Ice Elementalist began the quest for the
                  | Orb.
     0 | D:1      | Reached XP level 1. HP: 13/13 MP: 6/6
   669 | D:1      | Reached XP level 2. HP: 19/19 MP: 7/7
   985 | D:1      | Found Vuthresoi's Weapon Emporium.
  1547 | D:1      | Reached XP level 3. HP: 17/25 MP: 9/9
  1886 | D:1      | Reached skill level 5 in Spellcasting
  2219 | D:2      | Reached skill level 1 in Invocations
  2531 | D:2      | Reached skill level 1 in Fighting
  2531 | D:2      | Reached skill level 1 in Short Blades
  2531 | D:2      | Reached skill level 1 in Long Blades
  2531 | D:2      | Reached skill level 1 in Axes
  2531 | D:2      | Reached skill level 1 in Maces & Flails
  2531 | D:2      | Reached skill level 1 in Polearms
  2531 | D:2      | Reached skill level 1 in Staves
  2531 | D:2      | Reached skill level 1 in Slings
  2531 | D:2      | Reached skill level 1 in Bows
  2531 | D:2      | Reached skill level 1 in Crossbows
  2531 | D:2      | Reached skill level 1 in Throwing
  2531 | D:2      | Reached skill level 1 in Armour
  2531 | D:2      | Reached skill level 1 in Shields
  2531 | D:2      | Reached skill level 1 in Unarmed Combat
  2531 | D:2      | Reached skill level 1 in Evocations
  2686 | D:2      | Reached XP level 4. HP: 32/32 MP: 6/11
  2758 | D:2      | Noticed Natasha
  2766 | D:2      | Killed Natasha
  2827 | D:2      | Noticed Natasha
  2833 | D:2      | Killed Natasha
  2834 | D:2      | Reached skill level 1 in Conjurations
  2834 | D:2      | Reached skill level 1 in Hexes
  2834 | D:2      | Reached skill level 1 in Summonings
  2834 | D:2      | Reached skill level 1 in Necromancy
  2834 | D:2      | Reached skill level 1 in Translocations
  2834 | D:2      | Reached skill level 1 in Transmutations
  2834 | D:2      | Reached skill level 1 in Fire Magic
  2834 | D:2      | Reached skill level 1 in Air Magic
  2834 | D:2      | Reached skill level 1 in Earth Magic
  2834 | D:2      | Reached skill level 1 in Poison Magic
  2845 | D:2      | Noticed Natasha
  3114 | D:2      | Killed Natasha
  3115 | D:2      | Reached XP level 5. HP: 33/37 MP: 7/12
  3278 | D:2      | Noticed Jessica
  3286 | D:2      | Killed Jessica
  3590 | D:3      | Found a faded altar of an unknown god.
  3783 | D:3      | Noticed a sky beast
  3788 | D:3      | Killed a sky beast
  3789 | D:3      | Reached XP level 6. HP: 21/44 MP: 9/14
  4107 | D:3      | Reached skill level 5 in Dodging
  4612 | D:3      | Found an ancient bone altar of Kikubaaqudgha.
  5589 | D:4      | Reached XP level 7. HP: 47/50 MP: 12/15
  5615 | D:4      | Found a sacrificial altar of Ru.
  6223 | D:4      | Found a runed translucent door.
  6224 | D:4      | Noticed Crazy Yiuf
  6484 | D:5      | Entered Level 5 of the Dungeon
  6976 | D:5      | Found a sacrificial altar of Ru.
  7034 | D:5      | Reached skill level 5 in Stealth
  7371 | D:5      | Found a white marble altar of Elyvilon.
  7641 | D:5      | Learned a level 3 spell: Frozen Ramparts
  7645 | D:5      | Learned a level 3 spell: Ozocubu's Armour
  7650 | D:5      | Learned a level 4 spell: Hailstorm
  7721 | D:5      | Found a glowing silver altar of Zin.
  8269 | D:6      | Reached XP level 8. HP: 57/57 MP: 10/16
  9161 | D:4      | Killed Crazy Yiuf
  9968 | D:8      | Reached XP level 9. HP: 51/65 MP: 12/18
 10407 | D:8      | Reached skill level 8 in Ice Magic
 10568 | D:8      | Noticed Grum
 10652 | D:8      | Killed Grum
 11156 | D:9      | Reached skill level 5 in Invocations
 11510 | D:9      | Reached XP level 10. HP: 73/73 MP: 16/20
 11695 | D:9      | Noticed a two-headed ogre
 11701 | D:9      | Killed a two-headed ogre
 11702 | D:9      | Reached skill level 5 in Fighting
 11702 | D:9      | Reached skill level 5 in Short Blades
 11702 | D:9      | Reached skill level 5 in Long Blades
 11702 | D:9      | Reached skill level 5 in Axes
 11702 | D:9      | Reached skill level 5 in Maces & Flails
 11702 | D:9      | Reached skill level 5 in Polearms
 11702 | D:9      | Reached skill level 5 in Staves
 11702 | D:9      | Reached skill level 5 in Slings
 11702 | D:9      | Reached skill level 5 in Bows
 11702 | D:9      | Reached skill level 5 in Crossbows
 11702 | D:9      | Reached skill level 5 in Throwing
 11702 | D:9      | Reached skill level 5 in Armour
 11702 | D:9      | Reached skill level 5 in Shields
 11702 | D:9      | Reached skill level 5 in Unarmed Combat
 11702 | D:9      | Reached skill level 5 in Evocations
 12109 | D:7      | Noticed Maggie
 12155 | D:7      | Learned a level 4 spell: Fulminant Prism
 12165 | D:7      | Killed Maggie
 12345 | D:7      | Noticed Menkaure
 12353 | D:7      | Killed Menkaure
 12447 | D:7      | Found a basalt altar of Yredelemnul.
 12729 | D:7      | Found a staircase to the Ecumenical Temple.
 12753 | D:7      | Learned a level 4 spell: Iskenderun's Mystic Blast
 12853 | Temple   | Entered the Ecumenical Temple
 12951 | Temple   | Became a worshipper of Makhleb the Destroyer
 13035 | D:10     | Entered Level 10 of the Dungeon
 13144 | D:10     | Found an opulent altar of Gozag.
 13145 | D:10     | Found a shimmering blue altar of Sif Muna.
 13228 | D:10     | Found a staircase to the Orcish Mines.
 13238 | Orc:1    | Entered Level 1 of the Orcish Mines
 13352 | Orc:1    | Noticed an orc knight
 13452 | D:10     | HP: 2/74 [something (28)]
 13453 | D:10     | Demolished by an orc knight

Illustrated notes

Levels and vault maps discovered:
D:1:      lemuel_arrival_funnel, layout_loops_ring, serial_shops,
          nicolae_shop_waterfront, minmay_misc_feat_rows, minivault_11
D:2:      kb_forest_paths, layout_basic, uniq_jessica, uniq_natasha
D:3:      cheibrodos_thug_alley, layout_basic, mainiacjoe_overflow_alcove_2,
          ebering_ecumenical_altar_rust
D:4:      layout_loops_ring, nicolae_ru_the_path_less_chosen,
          uniq_crazy_yiuf_cottage
D:5:      layout_loops_corners, elyvilon_altar_1, zin_statuary,
          kennysheep_diamond
D:6:      layout_basic
D:7:      layout_loops_ring, mainiacjoe_overflow_brackets,
          minmay_temple_entry_glassed_door, uniq_maggie, uniq_menkaure
D:8:      layout_loops_ring, enter_bailey_3, grunt_ministairs_6, minivault_27,
          uniq_grum
D:9:      layout_basic
D:10:     layout_loops_corners, jmf_multi_god_temple, orc_0_dummy,
          nicolae_island_escapes
Temple:   eino_wide_crystal_templ
Orc:1:    layout_caves

Skill      XL: |  1  2  3  4  5  6  7  8  9 10 |
---------------+-------------------------------+-----
Spellcasting   | 5 6 7 |  7.5
Invocations    | 1 2 3 4 5 6 |  6.0
Fighting       | 1 2 3 4 5 |  5.4
Short Blades   | 1 2 3 4 5 |  5.4
Long Blades    | 1 2 3 4 5 |  5.4
Axes           | 1 2 3 4 5 |  5.4
Maces & Flails | 1 2 3 4 5 |  5.4
Polearms       | 1 2 3 4 5 |  5.4
Staves         | 1 2 3 4 5 |  5.4
Slings         | 1 2 3 4 5 |  5.4
Bows           | 1 2 3 4 5 |  5.4
Crossbows      | 1 2 3 4 5 |  5.4
Throwing       | 1 2 3 4 5 |  5.4
Armour         | 1 2 3 4 5 |  5.4
Shields        | 1 2 3 4 5 |  5.4
Unarmed Combat | 1 2 3 4 5 |  5.4
Evocations     | 1 2 3 4 5 |  5.4
Conjurations   | 1 2 3 4 |  4.5
Hexes          | 1 2 3 4 |  4.5
Summonings     | 1 2 3 4 |  4.5
Necromancy     | 1 2 3 4 |  4.5
Translocations | 1 2 3 4 |  4.5
Transmutations | 1 2 3 4 |  4.5
Fire Magic     | 1 2 3 4 |  4.5
Air Magic      | 1 2 3 4 |  4.5
Earth Magic    | 1 2 3 4 |  4.5
Poison Magic   | 1 2 3 4 |  4.5
Dodging        | 5 6 7 |  7.2
Stealth        | 5 6 |  6.9
Ice Magic      | 8 |  8.5

Action                   |  1- 3 |  4- 6 |  7- 9 | 10-12 || total
-------------------------+-------+-------+-------+-------++-------
Melee: Dagger            |    90 |     6 |       |       ||    96
       Unarmed           |     8 |       |       |       ||     8
       Bite              |    13 |     3 |    29 |     6 ||    51
       Punch             |     1 |       |     1 |       ||     2
       Staff             |       |    22 |    27 |       ||    49
       Hand axe          |       |       |    55 |       ||    55
       Quarterstaff      |       |       |    83 |    60 ||   143
Throw: Throwing net      |       |       |     1 |       ||     1
 Cast: Freeze            |    30 |    94 |    26 |     8 ||   158
       Frozen Ramparts   |       |       |    19 |    14 ||    33
       Ozocubu's Armour  |       |       |    12 |     4 ||    16
       Hailstorm         |       |       |    17 |    15 ||    32
       Iskenderun's Myst |       |       |       |     6 ||     6
       Fulminant Prism   |       |       |       |     6 ||     6
Evoke: Wand              |       |       |    20 |       ||    20
  Use: Potion            |       |       |       |     1 ||     1
 Stab: Sleeping          |     9 |     1 |     7 |     1 ||    18
Armor: Robe              |    13 |     3 |    65 |    18 ||    99
Dodge: Dodged            |    57 |    51 |   168 |    66 ||   342
Block: Other             |       |       |     5 |       ||     5
